 Dungeon Crawl Stone Soup version 0.20.1-1-g8b1a95d (webtiles) character file.

1961 vatarom the Zephyrmancer (level 9, -6/45 HPs)
             Began as a Tengu Air Elementalist on Sept 9, 2017.
             Was a Follower of Vehumet.
             Mangled by a death yak (21 damage)
             ... on level 8 of the Dungeon.
             The game lasted 00:19:49 (8276 turns).

vatarom the Zephyrmancer (Tengu Air Elementalist)   Turns: 8276, Time: 00:19:50

Health: -6/45      AC:  6    Str:  9    XL:     9   Next: 19%
Magic:  6/26       EV: 13    Int: 21    God:    Vehumet [*.....]
Gold:   398        SH:  5    Dex: 15    Spells: 7/17 levels left

rFire    . . .     SeeInvis .   f - +0 falchion
rCold    . . .     Gourm    .   k - +0 buckler
rNeg     . . .     Faith    .   a - +2 robe
rPois    .         Spirit   .   o - +2 hat
rElec    .         Reflect  .   q - scarf {repulsion}
rCorr    .         Harm     .   (no gloves)
MR       .....                  (boots unavailable)
Stlth    ++........             (no amulet)
Regen    0.2/turn               e - ring of magical power
MPRegen  0.2/turn               s - +3 ring of intelligence

@: repel missiles
A: beak, talons 3, able to fly 1
a: Fly, Renounce Religion


You were on level 8 of the Dungeon.
You worshipped Vehumet.
Vehumet was aware of your devotion.
You were not hungry.

You visited 2 branches of the dungeon, and saw 9 of its levels.

You collected 398 gold pieces.

Inventory:

Hand Weapons
 f - a +0 falchion (weapon)
Armour
 a - a +2 robe (worn)
 k - a +0 buckler (worn)
 o - a +2 hat (worn)
 q - a scarf of repulsion (worn)
Jewellery
 e - a ring of magical power (left hand)
 m - an uncursed ring of fire
 s - a +3 ring of intelligence (right hand)
 w - an uncursed ring of protection from magic
Wands
 r - a wand of polymorph (9/24)
 z - a wand of disintegration (6/24)
Scrolls
 g - 7 scrolls of identify
 l - 3 scrolls of enchant armour
 p - 3 scrolls of blinking
 v - a scroll of random uselessness
 x - a scroll of recharging
Potions
 d - 2 potions of magic
 n - a potion of curing
 t - 2 potions of cancellation
 u - 2 potions of haste
 A - a potion of might
Books
 b - a book of Air

   Spells                             Type                      Level
   a - Shock                          Conjuration/Air              1
   b - Swiftness                      Charms/Air                   2
   c - Static Discharge               Conjuration/Air              3
   d - Airstrike                      Air                          4
   e - Lightning Bolt                 Conjuration/Air              5
Comestibles
 c - 6 bread rations
 h - 4 fruits
 i - 3 meat rations
 j - 3 royal jellies


   Skills:
 - Level 2.1 Dodging
 - Level 2.0 Stealth
 - Level 4.4 Shields
 * Level 4.8 Spellcasting
 - Level 5.6 Conjurations
 + Level 11.6 Air Magic


You had 7 spell levels left.
You knew the following spells:

 Your Spells              Type           Power        Failure   Level  Hunger
a - Shock                 Conj/Air       ####         1%          1    None
b - Swiftness             Chrm/Air       ####....     1%          2    None
c - Static Discharge      Conj/Air       #####...     1%          3    ##.....
d - Airstrike             Air            ######....   1%          4    ####...


Dungeon Overview and Level Annotations

Branches:
Dungeon (8/15)             Temple (1/1) D:5
   Lair: D:8-11

Altars:
Ashenzari
Cheibriados
Dithmenos
Fedhas
Hepliaklqana
Kikubaaqudgha
Makhleb
Nemelex Xobeh
Okawaru
Qazlal
Ru
Sif Muna
Trog
Uskayaw
Vehumet
Xom
Yredelemnul
Zin

Annotations:
D:3 kaze's ghost, amateur HOBe


Innate Abilities, Weirdness & Mutations

You have a beak for a mouth.
You have claws for feet.
You can fly.


Message History

Evoke which item? (* to show all) (? for menu, Esc to quit)
Okay, then.
Unknown command.
Unknown command.
Evoke which item? (* to show all) (? for menu, Esc to quit)
Aiming: Disintegrate (will waste charges)
Press: ? - help, Shift-Dir - straight line, f/p - death yak
Aim: a death yak (severely wounded, chance to defeat MR: 7%)
The death yak resists with almost no effort.
Evoking this partially-identified wand wasted a few charges.
The death yak gores you.
Unknown command.
Evoke which item? (* to show all) (? for menu, Esc to quit)
Aiming: Disintegrate (will waste charges)
Press: ? - help, Shift-Dir - straight line, f/p - death yak
Aim: a death yak (severely wounded, chance to defeat MR: 7%)
The death yak resists with almost no effort.
Evoking this partially-identified wand wasted a few charges.
The death yak gores you!!
You die...

... ...
[.? #.#
#.# #†#
#t#
#Y######
#@....<#
#.######
#........
#########


You could see a death yak and a crocodile.

Vanquished Creatures
  2 ice beasts
  A sky beast (D:7)
  2 phantoms
  4 ogres
  2 centaurs (D:7)
  A crocodile (D:8)
  A wyvern zombie (D:7)
  3 bullfrogs
  A howler monkey (D:6)
  2 hounds (D:7)
  2 bullfrog skeletons
  3 orc priests
  A jelly (D:5)
  2 orc wizards (D:7)
  An iguana (D:4)
  6 worker ants
  A killer bee zombie (D:7)
  A worker ant zombie (D:6)
  A gnoll (D:4)
  9 adders
  2 adder zombies
  4 worms
  4 dart slugs
  A leopard gecko (D:1)
  15 orcs
  A ball python (D:5)
  4 giant cockroaches
  4 hobgoblins
  A jackal (D:4)
  8 kobolds
  A quokka (D:3)
  3 bats
  4 frilled lizards
  6 goblins
  5 rats
109 creatures vanquished.

Notes
Turn   | Place    | Note
-------+----------+-------------------------------------------
     0 | D:1      | vatarom the Tengu Air Elementalist began the quest for the Orb.
     0 | D:1      | Reached XP level 1. HP: 10/10 MP: 4/4
   237 | D:1      | Reached XP level 2. HP: 10/15 MP: 1/6
   262 | D:1      | Learned a level 2 spell: Swiftness
   456 | D:1      | Reached skill level 5 in Air Magic
   929 | D:1      | Reached XP level 3. HP: 19/19 MP: 4/7
   934 | D:1      | Learned a level 3 spell: Static Discharge
  1604 | D:2      | Reached skill level 6 in Air Magic
  1698 | D:2      | Found a burning altar of Makhleb.
  1801 | D:2      | Noticed a green death
  1969 | D:2      | Reached XP level 4. HP: 24/24 MP: 1/8
  2358 | D:3      | Noticed kaze's ghost (amateur HOBe)
  2361 | D:3      | Reached skill level 1 in Shields
  3162 | D:4      | Gained mutation: You can fly. [Tengu growth]
  3162 | D:4      | Reached XP level 5. HP: 28/28 MP: 4/9
  3170 | D:4      | Reached skill level 7 in Air Magic
  3447 | D:4      | Reached XP level 6. HP: 22/32 MP: 1/10
  3593 | D:4      | Found a shattered altar of Ashenzari.
  3781 | D:4      | Found a shadowy altar of Dithmenos.
  4455 | D:5      | Entered Level 5 of the Dungeon
  4532 | D:5      | Found a staircase to the Ecumenical Temple.
  4539 | Temple   | Entered the Ecumenical Temple
  4629 | Temple   | Became a worshipper of Vehumet
  4652 | D:5      | Reached skill level 8 in Air Magic
  4698 | D:5      | Found a blossoming altar of Fedhas.
  4994 | D:5      | Reached XP level 7. HP: 34/36 MP: 9/11
  5079 | D:5      | Learned a level 4 spell: Airstrike
  5261 | D:5      | Reached skill level 9 in Air Magic
  5633 | D:6      | Found a hide-covered altar of Uskayaw.
  5650 | D:6      | Reached * piety under Vehumet
  5650 | D:6      | Offered knowledge of Sting by Vehumet.
  5650 | D:6      | Reached skill level 10 in Air Magic
  5650 | D:6      | Reached XP level 8. HP: 15/41 MP: 3/12
  6566 | D:7      | Reached skill level 5 in Conjurations
  6809 | D:7      | Reached skill level 11 in Air Magic
  7367 | D:7      | Found an iron altar of Okawaru.
  7685 | D:7      | Reached XP level 9. HP: 45/45 MP: 10/16
  8262 | D:8      | Noticed a death yak
  8276 | D:8      | Mangled by a death yak

Skill      XL: |  1  2  3  4  5  6  7  8 |
---------------+-------------------------+-----
Air Magic      | 5 6 7 8 10 11 | 11.6
Shields        | 1 3 4 |  4.4
Conjurations   | 3 5 |  5.6
Spellcasting   | 4 |  4.8
Dodging        | |  2.1
Stealth        | |  2.0

Action                   |  1- 3 |  4- 6 |  7- 9 || total
-------------------------+-------+-------+-------++-------
Melee: Unarmed           |     5 |       |       ||     5
       Kick              |     8 |     7 |     6 ||    21
       Dagger            |    24 |       |       ||    24
       Peck              |     4 |     3 |     1 ||     8
       Falchion          |     2 |    17 |    12 ||    31
 Cast: Shock             |    41 |    84 |    81 ||   206
       Static Discharge  |     4 |    14 |    28 ||    46
       Airstrike         |       |       |    21 ||    21
Evoke: Wand              |       |     1 |     5 ||     6
  Use: Potion            |     4 |     4 |     2 ||    10
       Scroll            |     3 |     2 |     6 ||    11
  Eat: Chunk             |     4 |    11 |    10 ||    25
       Fruit             |       |     2 |     3 ||     5
       Bread ration      |       |       |     1 ||     1
Armor: Robe              |    10 |    13 |    11 ||    34
Dodge: Dodged            |    28 |    34 |    30 ||    92
       Deflected         |       |       |     3 ||     3
Block: Buckler           |       |       |    10 ||    10
       Rpst.: Falchion   |     1 |     9 |     4 ||    14
